 Dungeon Crawl Stone Soup version 0.15-a0-1115-g12a312a (console) character file.

28 gw the Chucker (level 3, 0/37 HPs)
             Began as an Ogre Hunter on May 28, 2014.
             Succumbed to an adder's poison
             ... on Level 1 of the Dungeon.
             The game lasted 00:00:28 (1010 turns).

gw the Chucker (Ogre Hunter)                        Turns: 1010, Time: 00:00:29

HP   0/37        AC  3     Str 17      XL: 3   Next: 12%
MP   3/3         EV 10     Int 10      God:
Gold 0           SH  0     Dex 11      Spells:  0 memorised,  2 levels left

rFire  . . .     SeeInvis .     a - +2,+1 club
rCold  . . .     Clarity  .     d - +0 animal skin
rNeg   . . .     Conserve .     (shield restricted)
rPois  .         rCorr    .     (helmet restricted)
rElec  .         rRot     .     (no cloak)
SustAb .         Spirit   .     (gloves unavailable)
rMut   .         Warding  .     (boots unavailable)
Gourm  .         Stasis   .     (no amulet)
MR     .....                    (no ring)
                                (no ring)

@: lethally poisoned, not resistant to hostile enchantments, very unstealthy
A: unfitting armour, tough skin 1
a: no special abilities


You were on level 1 of the Dungeon.
You were not hungry.

You visited 1 branch of the dungeon, and saw 2 of its levels.

Inventory:

Hand weapons
 a - a +2,+1 club (weapon)
Missiles
 b - 3 large rocks (quivered)
 c - 2 throwing nets
 g - 7 tomahawks
Armour
 d - a +0 animal skin (worn)
Comestibles
 f - a meat ration
 i - a bread ration
 l - a beef jerky
Potions
 e - a potion of lignification


   Skills:
 + Level 3.2 Fighting
 * Level 2.4 Maces & Flails
 + Level 4.6 Throwing
 + Level 2.1 Dodging
 - Level 0.7 Stealth


You had 2 spell levels left.
You didn't know any spells.

Dungeon Overview and Level Annotations

Branches:
Dungeon (2/15)

Altars:
Nemelex Xobeh


Innate Abilities, Weirdness & Mutations

You are too large for most types of armour.
You have tough skin (AC +1).


Message History

ATTACKING (0,1)
You closely miss the adder.
The adder is severely wounded.
The adder bites you.
You are more poisoned.
The adder poisons you! The adder barely misses you.
FLEEEEING!
ATTACKING (0,1)
You barely miss the adder.
The adder is severely wounded.
The adder completely misses you.
FLEEEEING!
ATTACKING (0,1)
You hit the adder.
You kill the adder!
You have reached level 3!
Your experience leads to an increase in your attributes!
Increase (S)trength, (I)ntelligence, or (D)exterity?
You feel agile.
You feel stronger.
You die...

# #........####### #
#....>..## ####### #
#.#8..8## #.....#
####.##..#########.###.#
...................# #.#
#####.###.########.###.#
#.###%## #.....#
#.##...#########.###
#.##.......$O# #.#
#.##...#####.# #.#
#.###### #.#
#.########### #.#
###.###...........# #.#
#....%......#####.# #.#
###.#.###..##.# #.# #.#
#...#...#..##.## #.# #.#
#.#####........# #.#
#.######...#...##.##..#
#)#


There were no monsters in sight!

Table legend:
 A = Turns spent in this place as a percentage of turns spent in the entire game.
 B = Non-inter-level travel turns spent in this place as a percentage of non-inter-level travel turns spent in the entire game.
 C = Inter-level travel turns spent in this place as a percentage of turns spent in this place.
 D = Turns resting spent in this place as a percentage of non-inter-level travel turns spent in this place.
 E = Turns spent auto-exploring this place as a percentage of non-inter-level travel turns spent in this place.
 F = Non-inter-level travel turns spent in this place divided by the number of levels of this place that you've seen.
                   A       B       C       D       E      F
               +-------+-------+-------+-------+-------+----------------------
         Total | 100.0 | 100.0 |   3.1 |   7.2 |  17.2 | 110.5
       Dungeon | 100.0 | 100.0 |   3.1 |   7.2 |  17.2 | 110.5
               +-------+-------+-------+-------+-------+----------------------

Table legend:
 A = Kills in this place as a percentage of kills in entire the game.
 B = Kills by you in this place as a percentage of kills by you in the entire game.
 C = Kills by friends in this place as a percentage of kills by friends in the entire game.
 D = Other kills in this place as a percentage of other kills in the entire game.
 E = Experience gained in this place as a percentage of experience gained in the entire game.
 F = Experience gained in this place divided by the number of levels of this place that you have seen.
                   A       B       C       D       E      F
               +-------+-------+-------+-------+-------+----------------------
         Total | 100.0 | 100.0 |  -nan |  -nan | 100.0 |  20.0
       Dungeon | 100.0 | 100.0 |  -nan |  -nan | 100.0 |  20.0
               +-------+-------+-------+-------+-------+----------------------

Vanquished Creatures
  An adder (D:1)
  2 giant cockroaches (D:1)
  A goblin (D:1)
  3 hobgoblins (D:1)
  5 bats (D:1)
  3 kobolds (D:1)
  3 rats (D:1)
18 creatures vanquished.

Notes
Turn   | Place    | Note
--------------------------------------------------------------
     0 | D:1      | gw, the Ogre Hunter, began the quest for the Orb.
     0 | D:1      | Reached XP level 1. HP: 22/22 MP: 1/1
   159 | D:1      | Found a sparkling altar of Nemelex Xobeh.
   353 | D:1      | Reached XP level 2. HP: 29/29 MP: 2/2
  1008 | D:1      | HP: 1/31 [adder (2)]
  1010 | D:1      | Reached XP level 3. HP: 1/37 MP: 3/3
  1010 | D:1      | Succumbed to an adder's poison

Action                   || total
-------------------------++-------
Melee: Club              ||    39
Throw: Large rock        ||    35
       Throwing net      ||     4
  Use: Scroll            ||     3
       Potion            ||     3

Vault maps used:
D:1:      tarquinn_simple_flora_water_f, st_stairs_6,
          nemelex_diamond_rough_becter
D:2:      corexii_shack
